[Event "Titled Tuesday Blitz August 17 2021"]
[White "Demidov, Mikhail"]
[Black "Zarubitski, Viachaslau"]
[WhiteFideId "4197143"]
[BlackFideId "13509373"]
[WhiteElo "2559"]
[BlackElo "2315"]
[Result "0-1"]
[Round "05"]
[TimeControl "180+1"]
[Date "2021.08.17"]
[WhiteClock "0:00:17"]
[BlackClock "0:00:10"]

1. Nf3 d5 2. d4 Nf6 3. Bf4 c5 4. dxc5 Nc6 5. e3 e6 6. Be2 Bxc5 7. O-O O-O 8. c4 Qe7 9. Nc3 dxc4 10. Bxc4 h6 11. Qe2 e5 12. Bg3 Bg4 13. h3 Bh5 14. Qc2 Bxf3 15. gxf3 Nh5 16. Bh2 Qg5+ 17. Kh1 Qh4 18. Ne4 Qxh3 19. Rg1 Qxf3+ 20. Rg2 Nb4 21. Qb1 Rac8 22. a3 Bxe3 23. Bb3 Rc1+ 24. Qxc1 Bxc1 25. Rxc1 Nd3 26. Rc4 b5 27. Nd2 Nxf2+ 28. Kg1 Nh3+ 29. Kh1 Qe3 30. Rc3 Qe1+ 31. Bg1 Nxg1 32. Kh2 Ne2 33. Re3 Qh4+ 34. Rh3 Qf4+ 35. Kh1 Nhg3+ 36. Kh2 Nf1+ 37. Kh1 Nfg3+ 38. Kh2 Qxd2 39. Rhxg3 Nxg3 40. Rxd2 Nf1+ 41. Kg2 Nxd2 42. Bd5 Nc4 43. a4 Nxb2 44. axb5 Rd8 45. Bc6 Nc4 46. Kf3 f5 47. Ke2 Kf7 48. Kf3 Kf6 0-1


[Site "https://www.chess.com"]

[Event "Titled Tuesday Blitz August 17 2021"]
[White "Dev, Shah"]
[Black "Nogerbek, Kazybek"]
[WhiteFideId "35019058"]
[BlackFideId "13710427"]
[WhiteElo "2098"]
[BlackElo "2436"]
[Result "0-1"]
[Round "05"]
[TimeControl "180+1"]
[Date "2021.08.17"]
[WhiteClock "0:00:02"]
[BlackClock "0:00:07"]

1. d4 Nf6 2. c4 e6 3. Nf3 a6 4. Nc3 d5 5. Bg5 dxc4 6. e4 b5 7. e5 h6 8. Bh4 g5 9. Nxg5 hxg5 10. Bxg5 Nbd7 11. Qf3 Rb8 12. exf6 Bb7 13. Qe3 Nb6 14. f3 Bb4 15. O-O-O Nd5 16. Nxd5 Bxd5 17. Bf4 Rc8 18. Be5 c6 19. Be2 Qa5 20. a3 c3 21. axb4 Qa1+ 22. Kc2 Qxb2+ 23. Kd3 Bc4+ 24. Ke4 Bxe2 25. Rc1 Bc4 26. Qxc3 Qxg2 27. Bf4 Qe2+ 28. Qe3 Bd5+ 29. Ke5 Qxe3+ 30. Bxe3 Rh5+ 31. Kd6 Bxf3 32. Rhg1 Rd5# 0-1


[Site "https://www.chess.com"]

[Event "Titled Tuesday Blitz August 17 2021"]
[White "Divya Deshmukh"]
[Black "Rakhmanov, Aleksandr"]
[WhiteFideId "35006916"]
[BlackFideId "4173708"]
[WhiteElo "2239"]
[BlackElo "2498"]
[Result "0-1"]
[Round "05"]
[TimeControl "180+1"]
[Date "2021.08.17"]
[WhiteClock "0:00:03"]
[BlackClock "0:01:12"]

1. Nf3 d5 2. g3 g6 3. Bg2 Bg7 4. O-O Nf6 5. d3 O-O 6. Nbd2 Nc6 7. Re1 d4 8. e4 dxe3 9. fxe3 Ng4 10. Nf1 e5 11. h3 e4 12. dxe4 Nge5 13. Nxe5 Nxe5 14. Qxd8 Rxd8 15. Rb1 a5 16. a4 b5 17. axb5 a4 18. Ra1 Bd7 19. b3 Nf3+ 20. Bxf3 Bxa1 21. e5 Bc3 22. Bxa8 Bxe1 23. Be4 axb3 24. cxb3 Bxb5 25. Ba3 Bxf1 26. Kxf1 Bxg3 0-1


[Site "https://www.chess.com"]

[Event "Titled Tuesday Blitz August 17 2021"]
[White "Djordjevic, Vuk"]
[Black "Ivic, Velimir"]
[WhiteFideId "902098"]
[BlackFideId "950122"]
[WhiteElo "2643"]
[BlackElo "2812"]
[Result "0-1"]
[Round "05"]
[TimeControl "180+1"]
[Date "2021.08.17"]
[WhiteClock "0:00:04"]
[BlackClock "0:00:16"]

1. d4 Nf6 2. Bg5 e6 3. e4 h6 4. Bxf6 Qxf6 5. c3 d6 6. Bd3 g6 7. Ne2 Bg7 8. O-O e5 9. Nd2 Nd7 10. f4 Qe7 11. f5 O-O 12. Nc4 Nf6 13. Ne3 b6 14. Ng3 Bb7 15. d5 h5 16. Qf3 Bh6 17. h3 Bc8 18. c4 Bd7 19. Qe2 Nh7 20. Rf3 Qh4 21. Nef1 Bf4 22. Nh1 Qe7 23. g3 Bh6 24. h4 a6 25. Nh2 Rab8 26. Nf2 b5 27. Kg2 bxc4 28. Bxc4 Rb4 29. b3 Bb5 30. Bxb5 axb5 31. Kh3 Nf6 32. g4 Bf4 33. g5 Nd7 34. Nf1 Nc5 35. Rd1 f6 36. a3 Rxb3 37. Rxb3 Nxb3 38. fxg6 fxg5 39. Qxh5 gxh4 40. Ng4 Nd4 41. Nfe3 Bxe3 42. Nxe3 Rf3+ 43. Kg2 Rxe3 44. Rf1 Rg3+ 45. Kh1 Qg7 46. Qxh4 Rxg6 47. Qd8+ Kh7 48. Rf2 Rh6+ 49. Rh2 Rxh2+ 50. Kxh2 Nf3+ 51. Kh1 Qg1# 0-1


[Site "https://www.chess.com"]

[Event "Titled Tuesday Blitz August 17 2021"]
[White "Drygalov, Sergey"]
[Black "Skliarov, Viktor"]
[WhiteFideId "24171743"]
[BlackFideId "14106736"]
[WhiteElo "2811"]
[BlackElo "2641"]
[Result "1-0"]
[Round "05"]
[TimeControl "180+1"]
[Date "2021.08.17"]
[WhiteClock "0:00:54"]
[BlackClock "0:00:05"]

1. e4 c5 2. Nf3 Nc6 3. d4 cxd4 4. Nxd4 Nf6 5. Nc3 e5 6. Ndb5 d6 7. Bg5 a6 8. Na3 b5 9. Nd5 Be7 10. Bxf6 Bxf6 11. c3 O-O 12. Nc2 Rb8 13. h4 g6 14. g3 a5 15. a3 h5 16. Bg2 Bg7 17. O-O Ne7 18. Nce3 Nxd5 19. Nxd5 Be6 20. Qd3 g5 21. hxg5 Qxg5 22. f4 Qg4 23. Rf3 Bxd5 24. Qxd5 b4 25. axb4 axb4 26. Raf1 bxc3 27. bxc3 exf4 28. Rxf4 Qe6 29. Qxh5 Rb2 30. Rg4 Rfb8 31. e5 Rb1 32. Be4 Rxf1+ 33. Kxf1 Qxe5 34. Qxe5 dxe5 35. c4 Rb2 36. c5 Rb3 37. c6 Rc3 38. Ke2 f5 39. Bd5+ Kf8 40. Ra4 f4 41. Ra7 Bf6 42. Rf7+ Ke8 43. Rxf6 fxg3 44. Rg6 g2 45. Rxg2 Ke7 46. Rg6 Kd8 47. Rg7 Kc8 48. Kd2 Rc5 49. Be4 Rc4 50. Kd3 Rd4+ 51. Ke3 Rc4 52. Bd5 Rd4 53. Be6+ Kd8 54. c7+ Ke8 1-0


[Site "https://www.chess.com"]

[Event "Titled Tuesday Blitz August 17 2021"]
[White "Duboue, Peio"]
[Black "Giroyan, Gary"]
[WhiteFideId "654833"]
[BlackFideId "680281"]
[WhiteElo "2419"]
[BlackElo "2420"]
[Result "0-1"]
[Round "05"]
[TimeControl "180+1"]
[Date "2021.08.18"]
[WhiteClock "0:00:01"]
[BlackClock "0:00:03"]

1. e4 c5 2. c3 d6 3. Nf3 Nf6 4. Bd3 g6 5. O-O Bg7 6. Bc2 O-O 7. d4 d5 8. exd5 Qxd5 9. Be3 cxd4 10. Qxd4 Qh5 11. Qc5 Nc6 12. Qxh5 Nxh5 13. Na3 Bg4 14. Nd2 Rad8 15. h3 Be6 16. Nb3 b6 17. Rfd1 f5 18. Rxd8 Rxd8 19. Rd1 Rc8 20. Nb5 Bc4 21. N5d4 Nxd4 22. Bxd4 e5 23. Be3 Be6 24. Rd6 Kf7 25. Nc1 Bf8 26. Rd1 f4 27. Bd2 Rd8 28. Be1 Rxd1 29. Bxd1 Nf6 30. f3 Nd5 31. Bb3 Ne3 32. Bxe6+ Kxe6 33. Nd3 Kd5 34. Bf2 Nd1 35. Kf1 g5 36. Ke2 Nxf2 37. Nxf2 Be7 38. Kd3 a5 39. Ne4 h6 40. c4+ Ke6 41. Nc3 Bc5 42. b3 Bd4 43. Nb5 Bc5 44. Ke4 Bb4 45. Nc7+ Kd6 46. Nd5 Bc5 47. Nf6 Ke6 48. Nd5 Bd4 49. a3 Bb2 50. Nxb6 Bxa3 51. Na4 Bb4 52. Nb2 Bc3 53. Nd3 h5 54. Nc5+ Kd6 55. Na4 Be1 56. c5+ Ke6 57. Nb2 Bb4 58. Nd3 Ba3 59. c6 Bd6 60. Nb2 Bc7 61. Nc4 h4 62. Nd2 Kd6 63. Kf5 Kxc6 64. Kxg5 Bd8+ 65. Kf5 Kd5 66. Nc4 Bc7 67. Kg4 a4 68. bxa4 Kxc4 69. Kxh4 Kd4 70. Kg4 Bd8 71. h4 Kd5 72. h5 Ke6 73. h6 Kf6 74. h7 Kg7 75. Kf5 Bc7 76. a5 Bxa5 77. Kxe5 Bc7+ 0-1


[Site "https://www.chess.com"]

[Event "Titled Tuesday Blitz August 17 2021"]
[White "Durarbayli, Vasif"]
[Black "Bobkov, Vadim"]
[WhiteFideId "13402935"]
[BlackFideId "34110876"]
[WhiteElo "2522"]
[BlackElo "2117"]
[Result "1-0"]
[Round "05"]
[TimeControl "180+1"]
[Date "2021.08.17"]
[WhiteClock "0:00:33"]
[BlackClock "0:00:01"]

1. d4 d5 2. c4 e6 3. Nc3 c6 4. Nf3 Nf6 5. e3 Nbd7 6. Qc2 Bd6 7. Bd3 dxc4 8. Bxc4 O-O 9. O-O Qe7 10. h3 b5 11. Bb3 Bb7 12. e4 e5 13. dxe5 Nxe5 14. Nh4 g6 15. f4 Bc5+ 16. Kh2 Ned7 17. e5 Nd5 18. Nxd5 cxd5 19. Nf3 d4 20. Qd3 Rad8 21. Qxb5 Nb8 22. f5 Ba6 23. Qa5 Bxf1 24. f6 Qb7 25. Qxc5 Rc8 26. Qxd4 Nd7 27. Bh6 Rfd8 28. Bxf7+ Kxf7 29. Ng5+ Ke8 30. f7+ Ke7 31. Qd6# 1-0


[Site "https://www.chess.com"]

[Event "Titled Tuesday Blitz August 17 2021"]
[White "Esenbek Uulu, Ilimbek"]
[Black "Bazarov, Konstantin"]
[WhiteFideId "13800680"]
[BlackFideId "4137000"]
[WhiteElo "2103"]
[BlackElo "2122"]
[Result "0-1"]
[Round "05"]
[TimeControl "180+1"]
[Date "2021.08.18"]
[WhiteClock "0:00:02"]
[BlackClock "0:00:07"]

1. e4 d5 2. exd5 Qxd5 3. Nc3 Qd6 4. d4 Nf6 5. Nf3 a6 6. Ne5 Nc6 7. Bf4 Bf5 8. Bc4 e6 9. Bb3 Qxd4 10. Qxd4 Nxd4 11. O-O-O Nxb3+ 12. axb3 Bd6 13. f3 h5 14. Rhe1 O-O 15. Bg5 Nh7 16. Bh4 Rfe8 17. h3 f6 18. Nc4 Bf4+ 19. Kb1 Nf8 20. Bf2 Rad8 21. g4 Bg6 22. Na5 b6 23. Nc6 Ra8 24. Ne4 hxg4 25. hxg4 f5 26. Ng3 fxg4 27. fxg4 e5 28. Ne4 a5 29. Bh4 Kf7 30. Re2 Bh7 31. Rf1 Ne6 32. Nxe5+ Kg8 33. Nc6 Rac8 34. g5 Bg6 35. Nc3 Bxg5 36. Bg3 Bf6 37. Nd5 Kf7 38. Nxf6 gxf6 39. Bh4 f5 40. Ne5+ Kg7 41. Rg2 Nf8 42. Nxg6 Nxg6 43. Rxf5 Re6 44. Bf2 Rf8 45. Bd4+ Kh7 46. Rh5+ Kg8 47. Rh8+ Kf7 48. Rf2+ Ke8 49. Rhxf8+ Nxf8 50. Bc3 c5 51. Ka2 Nd7 52. Rd2 Nb8 53. Rd5 Nc6 54. Rh5 b5 55. Bg7 Kd7 56. Bh8 Nb4+ 57. Ka3 Nxc2+ 58. Ka2 Kc6 59. Rh1 Nb4+ 60. Ka3 Rg6 61. Bc3 Kb6 62. Bxb4 cxb4+ 63. Ka2 a4 64. Rf1 Ka5 65. bxa4 bxa4 0-1


[Site "https://www.chess.com"]

[Event "Titled Tuesday Blitz August 17 2021"]
[White "Esipenko, Andrey"]
[Black "Chigaev, Maksim"]
[WhiteFideId "24175439"]
[BlackFideId "4108116"]
[WhiteElo "2595"]
[BlackElo "2579"]
[Result "1-0"]
[Round "05"]
[TimeControl "180+1"]
[Date "2021.08.17"]
[WhiteClock "0:00:20"]
[BlackClock "0:00:01"]

1. e4 c5 2. Nf3 d6 3. c3 Nf6 4. h3 g6 5. Bd3 Bg7 6. Bc2 Nc6 7. d4 cxd4 8. cxd4 O-O 9. Nc3 e5 10. O-O exd4 11. Nxd4 d5 12. Nxc6 bxc6 13. e5 Nd7 14. f4 f6 15. e6 Nc5 16. f5 gxf5 17. Bxf5 Bxe6 18. Be3 Bxf5 19. Bxc5 Bg6 20. Bxf8 Qb6+ 21. Kh1 Rxf8 22. Qd2 d4 23. Na4 Qd8 24. Nc5 Qd5 25. b4 a5 26. a3 Re8 27. Rae1 Re5 28. Nd3 Rxe1 29. Rxe1 axb4 30. Nf4 Qg5 31. Qxd4 bxa3 32. Qd8+ Bf8 33. Ne6 Qh6 34. Ra1 Bf7 35. Nxf8 Qxf8 36. Qxf8+ Kxf8 37. Rxa3 Kg7 38. Kh2 h5 39. Kg3 Kg6 40. Kf4 Bd5 41. g3 Be6 42. h4 Bd5 43. Ra7 Be6 44. Re7 Bd5 45. g4 hxg4 46. Kxg4 f5+ 47. Kf4 Be4 48. Re6+ Kh7 49. Kg5 1-0


[Site "https://www.chess.com"]

[Event "Titled Tuesday Blitz August 17 2021"]
[White "Fier, Alexandr"]
[Black "Trent, Lawrence"]
[WhiteFideId "2107139"]
[BlackFideId "408638"]
[WhiteElo "2799"]
[BlackElo "2631"]
[Result "1-0"]
[Round "05"]
[TimeControl "180+1"]
[Date "2021.08.17"]
[WhiteClock "0:00:45"]
[BlackClock "0:00:01"]

1. d4 d5 2. c4 e5 3. e3 Nc6 4. cxd5 Qxd5 5. Nc3 Bb4 6. Bd2 Bxc3 7. bxc3 Nge7 8. f3 Qd6 9. Bd3 b6 10. Ne2 O-O 11. O-O a5 12. a4 Ba6 13. Bb5 Bxb5 14. axb5 Nd8 15. c4 Ne6 16. Bc3 exd4 17. exd4 Nf5 18. Qd2 Rfd8 19. Rfd1 f6 20. Qd3 Nh4 21. Qe4 Ng6 22. g3 Ng5 23. Qf5 Re8 24. Ra2 Re5 25. Qd3 Re7 26. Bd2 Rae8 27. Bc1 Qe6 28. d5 Qd6 29. Ba3 Qd7 30. Bxe7 Qxe7 31. f4 Ne4 32. Nd4 Qc5 33. Kg2 Nd6 34. Rc2 Re4 35. Ne6 Qb4 36. Rdc1 a4 37. h4 Ne7 38. Qc3 Qxc3 39. Rxc3 Nef5 40. Kf3 h5 41. c5 Nd4+ 42. Kf2 bxc5 43. Rxc5 Re2+ 44. Kf1 Ne4 45. Nxd4 Nxg3+ 46. Kg1 Rd2 47. Nf3 Rb2 48. R5c2 1-0


[Site "https://www.chess.com"]

[Event "Titled Tuesday Blitz August 17 2021"]
[White "Golizadeh, Asghar"]
[Black "Benyahia, Safin"]
[WhiteFideId "12505269"]
[BlackFideId "7905556"]
[WhiteElo "2403"]
[BlackElo "1551"]
[Result "0-1"]
[Round "05"]
[TimeControl "180+1"]
[Date "2021.08.18"]
[WhiteClock "0:00:17"]
[BlackClock "0:00:17"]

1. e4 c5 2. Nf3 d6 3. Bb5+ Bd7 4. Bxd7+ Qxd7 5. O-O Nc6 6. Qe2 e6 7. c3 Nf6 8. Rd1 Be7 9. d4 cxd4 10. cxd4 O-O 11. Nc3 a6 12. d5 exd5 13. Nxd5 Nxd5 14. Rxd5 Rac8 15. Bf4 Nb4 16. Rd2 Rfd8 17. a3 Nc6 18. Rad1 Qe6 19. Qd3 Ne5 20. Bxe5 dxe5 21. Qxd8+ Rxd8 22. Rxd8+ Bf8 23. Rb8 Qc6 24. Nxe5 Qc2 25. Rbd8 g6 26. g3 Kg7 27. R8d7 Qxe4 28. Rxf7+ Kh6 29. Rxf8 Qxe5 30. h4 Qxb2 31. Rf7 Qb3 32. Rdd7 Kh5 33. Rxh7+ Kg4 34. Rd4+ Kh3 35. Rhd7 Qb1+ 36. Rd1 Qe4 37. Kf1 Qc4+ 38. R7d3 Qe4 39. Re3 Qc4+ 40. Rdd3 Qc1+ 41. Ke2 Qc2+ 42. Kf3 Qc6+ 43. Kf4 Qf6+ 44. Ke4 Qxf2 45. Kd4 Qf6+ 46. Kc5 Qc6+ 47. Kd4 Qd6+ 48. Kc4 Qc6+ 49. Kb3 Qb5+ 50. Kc2 Qc5+ 51. Kd2 Qa5+ 52. Ke2 Qh5+ 53. Rf3 Qe5+ 54. Kf2 Qc5+ 55. Ke2 Qc2+ 56. Ke3 Qc5+ 57. Kf4 Qf5+ 58. Ke3 Qc5+ 59. Rd4 Qc3+ 60. Ke4 Qc6+ 61. Kd3 Qxf3+ 62. Kc4 Qc6+ 63. Kd3 Kxg3 64. a4 Qf6 65. h5 Qxd4+ 66. Kxd4 gxh5 67. Kc5 h4 68. Kb6 h3 69. Kxb7 h2 70. Kxa6 h1=Q 71. Ka7 Qh7+ 72. Kb6 Qg8 73. a5 Qa8 74. a6 Kf4 75. a7 Ke5 76. Ka6 Kd6 77. Kb6 Kd7 78. Ka6 Kc7 79. Kb5 Qxa7 80. Kc4 Qb6 81. Kd5 Qd6+ 82. Kc4 Qe5 83. Kd3 Qf4 84. Kc3 Qe4 85. Kd2 Qf3 86. Kc2 Qe3 87. Kd1 Qf2 88. Kc1 Kc6 89. Kd1 Kc5 90. Kc1 Kc4 91. Kd1 Kc3 92. Kc1 Qc2# 0-1


[Site "https://www.chess.com"]

[Event "Titled Tuesday Blitz August 17 2021"]
[White "Goncalves, Davi Sulzbacher"]
[Black "Nesterov, Arseniy"]
[WhiteFideId "2154510"]
[BlackFideId "24198455"]
[WhiteElo "2107"]
[BlackElo "2477"]
[Result "1-0"]
[Round "05"]
[TimeControl "180+1"]
[Date "2021.08.17"]
[WhiteClock "0:00:59"]
[BlackClock "0:01:23"]

1. d4 d5 2. c4 e6 3. Nc3 Bb4 4. Nf3 dxc4 5. e4 Nf6 6. Bg5 c5 7. e5 h6 8. Bh4 g5 9. Nxg5 hxg5 10. Bxg5 Qxd4 11. Qxd4 cxd4 12. Bxf6 dxc3 13. O-O-O cxb2+ 14. Kb1 O-O 15. Rd4 Re8 16. Rh4 1-0


[Site "https://www.chess.com"]

[Event "Titled Tuesday Blitz August 17 2021"]
[White "Goryachkina, Aleksandra"]
[Black "Fernandez, Michael"]
[WhiteFideId "4147103"]
[BlackFideId "5803560"]
[WhiteElo "2441"]
[BlackElo "2110"]
[Result "1-0"]
[Round "05"]
[TimeControl "180+1"]
[Date "2021.08.17"]
[WhiteClock "0:01:24"]
[BlackClock "0:00:20"]

1. e4 c5 2. Nf3 d6 3. Bb5+ Bd7 4. c4 a6 5. Bxd7+ Qxd7 6. O-O Nc6 7. Nc3 Nf6 8. d4 cxd4 9. Nxd4 g6 10. Bg5 Bg7 11. Nde2 O-O 12. Bxf6 Bxf6 13. Nd5 Rad8 14. Nxf6+ exf6 15. Nc3 Ne7 16. Qd4 f5 17. Rad1 Qe6 18. exf5 Nxf5 19. Qd3 Rfe8 20. b3 Qe5 21. Nd5 Kg7 22. f4 Qe2 23. Qc3+ Kh6 24. Rd3 1-0


[Site "https://www.chess.com"]

[Event "Titled Tuesday Blitz August 17 2021"]
[White "Grachev, Boris"]
[Black "sganerdene"]
[WhiteFideId "4129199"]
[WhiteElo "2580"]
[BlackElo "2655"]
[Result "1-0"]
[Round "05"]
[TimeControl "180+1"]
[Date "2021.08.17"]
[WhiteClock "0:00:35"]
[BlackClock "0:00:02"]

1. d4 Nf6 2. Nf3 g6 3. c3 Bg7 4. Bf4 O-O 5. h3 d6 6. Nbd2 c5 7. dxc5 dxc5 8. e4 Nc6 9. Qc2 b6 10. Be2 Bb7 11. O-O Nh5 12. Bh2 Bh6 13. Rfd1 Nf4 14. Bf1 Qc8 15. Nc4 Qe6 16. Ne3 Na5 17. Ng4 g5 18. Nxh6+ Qxh6 19. b4 cxb4 20. cxb4 Rac8 21. Qd2 Nc4 22. Bxc4 Rxc4 23. Nxg5 Qxg5 24. Bxf4 Qg6 25. f3 Rfc8 26. Rac1 Qe6 27. Rxc4 Qxc4 28. Kh2 Bc6 29. Bh6 f6 30. Qf4 Kh8 31. Qg4 Rg8 32. Rd8 1-0


[Site "https://www.chess.com"]

[Event "Titled Tuesday Blitz August 17 2021"]
[White "Green, Andrew D"]
[Black "Solon, Nathan"]
[WhiteFideId "2401762"]
[BlackFideId "2017229"]
[WhiteElo "2159"]
[BlackElo "2683"]
[Result "0-1"]
[Round "05"]
[TimeControl "180+1"]
[Date "2021.08.17"]
[WhiteClock "0:00:03"]
[BlackClock "0:00:18"]

1. d4 Nf6 2. Nf3 d5 3. Bf4 c5 4. e3 Nc6 5. Nbd2 cxd4 6. exd4 Bf5 7. Bb5 Rc8 8. Ne5 Bd7 9. Nxd7 Qxd7 10. c3 e6 11. O-O Bd6 12. Bg5 Be7 13. Re1 O-O 14. Qf3 a6 15. Bd3 h6 16. Bf4 b5 17. a3 Na5 18. g4 Nc4 19. Rab1 Ne8 20. Bc2 Bg5 21. Bxg5 hxg5 22. Nb3 Nf6 23. Kg2 Qd6 24. Nc5 Nd2 25. Qd3 Nxb1 26. Bxb1 Qf4 27. f3 g6 28. Nxa6 Kg7 29. h3 Nd7 30. Rxe6 Nf6 31. Nc5 Rfe8 32. Rxe8 Rxe8 33. Qxb5 Qd2+ 34. Kg3 Re1 35. Bd3 Rg1# 0-1


[Site "https://www.chess.com"]

[Event "Titled Tuesday Blitz August 17 2021"]
[White "Guliev, Logman"]
[Black "Kononenko, Dmitry"]
[WhiteFideId "13400061"]
[BlackFideId "14113538"]
[WhiteElo "2128"]
[BlackElo "2276"]
[Result "0-1"]
[Round "05"]
[TimeControl "180+1"]
[Date "2021.08.18"]
[WhiteClock "0:00:09"]
[BlackClock "0:00:26"]

1. e4 c6 2. d4 d5 3. exd5 cxd5 4. c4 Nf6 5. Nc3 g6 6. Qb3 Bg7 7. cxd5 O-O 8. Be2 Nbd7 9. Bf3 Nb6 10. Nge2 Bf5 11. O-O Bd3 12. d6 Qxd6 13. Bxb7 Rad8 14. Bf4 Qd7 15. Bf3 Bc4 16. Qd1 Nfd5 17. Be5 f6 18. Bg3 Nb4 19. a3 Nd3 20. b3 Ba6 21. a4 f5 22. Qd2 f4 23. Bh4 h6 24. Be4 Ne5 25. Nxf4 g5 26. Nfd5 Bxf1 27. dxe5 gxh4 28. Rxf1 e6 29. Nf6+ Bxf6 30. Qxd7 Nxd7 31. exf6 Nxf6 32. Bf3 Rd3 33. Nb5 a5 34. Nc7 Kf7 35. Be2 Rxb3 36. Bc4 Rb6 37. Re1 Rc6 38. Nxe6 Rxc4 39. Nxf8 Kxf8 40. h3 Rxa4 41. Re6 Kf7 42. Ra6 Ra1+ 43. Kh2 Ra2 0-1


[Site "https://www.chess.com"]

[Event "Titled Tuesday Blitz August 17 2021"]
[White "Gunduz, Umut Erdem"]
[Black "Shapiro, Daniel"]
[WhiteFideId "6381383"]
[BlackFideId "2001780"]
[WhiteElo "2096"]
[BlackElo "2297"]
[Result "0-1"]
[Round "05"]
[TimeControl "180+1"]
[Date "2021.08.18"]
[WhiteClock "0:00:02"]
[BlackClock "0:00:05"]

1. e4 c5 2. Nf3 e6 3. d4 cxd4 4. Nxd4 a6 5. c4 Nf6 6. Nc3 d6 7. Be3 Be7 8. f3 O-O 9. Be2 Qc7 10. Qd2 b6 11. O-O Bb7 12. a4 Nbd7 13. a5 bxa5 14. Nb3 Rab8 15. Nxa5 Ba8 16. Rfc1 Nc5 17. b4 Ncd7 18. b5 Nc5 19. Na4 Nfd7 20. Nxc5 Nxc5 21. Kh1 Rfc8 22. Bxc5 Qxc5 23. bxa6 Qa7 24. c5 Rxc5 25. Rxc5 Qxc5 26. Rc1 Qb6 27. h3 h6 28. Bd3 Bg5 29. f4 Bxf4 30. Qxf4 Qxa5 31. Qxd6 Rd8 32. Qe7 Rxd3 33. Qe8+ Kh7 34. Qxa8 Ra3 35. e5 Qxa6 36. Qe4+ g6 37. Rc7 Kg8 38. Qf4 Ra1+ 39. Kh2 Rf1 40. Qxh6 Rf5 41. Qe3 Qf1 42. Rc8+ Kg7 43. Qc5 Qf4+ 44. Kg1 Qxe5 45. Qf8+ Kh7 46. Qg8+ Kh6 47. Qf8+ Kg5 48. Qa3 Qd4+ 49. Kh2 Qf4+ 50. Qg3+ Qxg3+ 51. Kxg3 Rd5 52. Rc4 f5 53. Kf3 e5 54. g3 Rd3+ 55. Kf2 e4 56. Rc6 Ra3 57. h4+ Kh5 58. Re6 Ra2+ 59. Ke3 Rg2 60. Kf4 Rf2+ 61. Ke5 Rf3 62. Kf6 Rxg3 63. Re8 Kxh4 64. Rh8+ Kg4 65. Rh1 e3 66. Re1 f4 67. Ke5 Rf3 68. Ke4 Rf2 69. Rg1+ Kh3 70. Rxg6 e2 71. Rh6+ Kg2 72. Kd3 e1=Q 73. Rg6+ Kf3 74. Rg1 Rd2+ 75. Kc3 Qxg1 0-1


[Site "https://www.chess.com"]

[Event "Titled Tuesday Blitz August 17 2021"]
[White "Gunina, Valentina"]
[Black "Popilski, Gil"]
[WhiteFideId "4167570"]
[BlackFideId "2809060"]
[WhiteElo "2399"]
[BlackElo "2537"]
[Result "0-1"]
[Round "05"]
[TimeControl "180+1"]
[Date "2021.08.17"]
[WhiteClock "0:00:04"]
[BlackClock "0:00:08"]

1. d4 Nf6 2. c4 g6 3. Nc3 d5 4. cxd5 Nxd5 5. e4 Nxc3 6. bxc3 Bg7 7. Bc4 c5 8. Ne2 Nc6 9. Be3 O-O 10. O-O Bg4 11. f3 Bd7 12. Rb1 Rc8 13. dxc5 Qc7 14. Bd5 Na5 15. Bd4 e6 16. Bb3 Rfd8 17. Qe1 Bb5 18. Rb2 Bxe2 19. Qxe2 Rxd4 20. cxd4 Bxd4+ 21. Kh1 Bxb2 22. Qxb2 Qxc5 23. Rd1 b5 24. h3 Nc4 25. Qc3 a5 26. Bxc4 bxc4 27. Rd7 Qb4 28. Qf6 Qf8 29. Qc3 Qb4 30. Qf6 Rf8 31. Kh2 Qb8+ 32. f4 Qb1 33. Qd4 Qxa2 34. f5 exf5 35. exf5 Qb3 36. Rd8 gxf5 37. Rd5 Qb8+ 38. Kg1 Qb1+ 39. Kh2 Qe4 40. Qd2 f6 41. Rxa5 f4 42. Qd6 c3 43. Ra7 Qe3 44. Qd7 Qg3+ 45. Kh1 Qe1+ 46. Kh2 Qg3+ 47. Kh1 Qg6 0-1


[Site "https://www.chess.com"]

[Event "Titled Tuesday Blitz August 17 2021"]
[White "Gupta, Abhijeet"]
[Black "AlexOstrovskiy"]
[WhiteFideId "5010608"]
[WhiteElo "2549"]
[BlackElo "2832"]
[Result "0-1"]
[Round "05"]
[TimeControl "180+1"]
[Date "2021.08.17"]
[WhiteClock "0:00:16"]
[BlackClock "0:00:28"]

1. d4 Nf6 2. c4 e5 3. dxe5 Ng4 4. Bf4 Nc6 5. Nf3 Bb4+ 6. Nbd2 Qe7 7. e3 Ngxe5 8. Nxe5 Nxe5 9. Be2 d6 10. O-O a5 11. Nb1 O-O 12. a3 Bc5 13. Nc3 f5 14. b4 Ba7 15. c5 Kh8 16. Nd5 Qf7 17. Nxc7 Qxc7 18. cxd6 Qf7 19. Bxe5 Bd7 20. Rc1 Bb6 21. Bd4 Bd8 22. Bf3 axb4 23. axb4 f4 24. e4 Ra3 25. Ra1 Rb3 26. Rb1 Ra3 27. Bb2 Ra8 28. Ra1 Rc8 29. Rc1 Ra8 30. e5 Be6 31. Bd4 Ra3 32. Rc3 Ra2 33. Qc1 Qg6 34. Re1 h6 35. Be4 Qg4 36. Bf3 Qh4 37. Ra3 Rxa3 38. Qxa3 g5 39. h3 h5 40. b5 g4 41. hxg4 hxg4 42. Bxb7 g3 43. Kf1 Bc4+ 0-1


[Site "https://www.chess.com"]

[Event "Titled Tuesday Blitz August 17 2021"]
[White "Hambleton, Aman"]
[Black "Silva, Miguel Antonio Neto"]
[WhiteFideId "2606577"]
[BlackFideId "1911929"]
[WhiteElo "2552"]
[BlackElo "2283"]
[Result "1-0"]
[Round "05"]
[TimeControl "180+1"]
[Date "2021.08.17"]
[WhiteClock "0:00:03"]
[BlackClock "0:00:17"]

1. e4 c5 2. Nf3 d6 3. c3 Nf6 4. Be2 Nc6 5. d4 cxd4 6. cxd4 Bg4 7. d5 Bxf3 8. Bxf3 Ne5 9. Be2 a6 10. Qd4 Rc8 11. Nc3 Ned7 12. f4 Qb6 13. Qxb6 Nxb6 14. Be3 Nc4 15. Bxc4 Rxc4 16. Ke2 g6 17. Kd3 Rc8 18. Rac1 Bg7 19. Na4 O-O 20. Nb6 Rb8 21. Bd4 Rfe8 22. Rc7 Ng4 23. h3 Nf6 24. g4 h6 25. Rhc1 g5 26. f5 h5 27. Bxf6 Bxf6 28. gxh5 Bxb2 29. R1c2 Ba3 30. Nd7 Rbd8 31. Rxb7 a5 32. Rc6 Bb4 33. f6 Kh7 34. fxe7 Ra8 35. Nf6+ Kh6 36. Nxe8 Rxe8 37. Rd7 Kg7 38. Rc8 Kf6 39. Rxe8 1-0


[Site "https://www.chess.com"]

[Event "Titled Tuesday Blitz August 17 2021"]
[White "Hansen, Sune Berg"]
[Black "Brunner, Nicolas"]
[WhiteFideId "1400266"]
[BlackFideId "620246"]
[WhiteElo "2632"]
[BlackElo "2372"]
[Result "1-0"]
[Round "05"]
[TimeControl "180+1"]
[Date "2021.08.17"]
[WhiteClock "0:00:30"]
[BlackClock "0:00:05"]

1. e4 e5 2. Nf3 Nc6 3. Bc4 Nf6 4. d3 Be7 5. O-O O-O 6. Re1 d6 7. a4 Na5 8. Ba2 c5 9. Na3 Be6 10. Bxe6 fxe6 11. c3 Qd7 12. Bd2 Nc6 13. Nc2 b6 14. b4 h6 15. h3 Rf7 16. b5 Na5 17. Rb1 Raf8 18. Be3 Kh7 19. d4 exd4 20. cxd4 Nxe4 21. dxc5 Qc7 22. cxd6 Nxd6 23. Ncd4 Rf6 24. Rc1 Qb7 25. Ne5 Nf5 26. Qd3 Kg8 27. Nxf5 exf5 28. Red1 Rd8 29. Qc2 Rxd1+ 30. Rxd1 Bf8 31. Qa2+ Kh7 32. Nd7 Rd6 33. Nxf8+ 1-0


[Site "https://www.chess.com"]

[Event "Titled Tuesday Blitz August 17 2021"]
[White "Dronavalli, Harika"]
[Black "Roman, Rodrigo"]
[WhiteFideId "5015197"]
[BlackFideId "3701220"]
[WhiteElo "2422"]
[BlackElo "2043"]
[Result "1-0"]
[Round "05"]
[TimeControl "180+1"]
[Date "2021.08.17"]
[WhiteClock "0:00:27"]
[BlackClock "0:00:06"]

1. Nf3 b5 2. e4 a6 3. d4 Bb7 4. Bd3 Nf6 5. Nbd2 e6 6. O-O d5 7. Qe2 Be7 8. c3 c5 9. e5 Nfd7 10. Re1 Nc6 11. Nf1 h6 12. Ng3 g6 13. Be3 c4 14. Bc2 Qc7 15. h4 a5 16. h5 g5 17. Nh2 b4 18. Ng4 a4 19. f4 a3 20. b3 bxc3 21. fxg5 hxg5 22. bxc4 Ba6 23. Bd3 Nb4 24. Rac1 Nxd3 25. Qxd3 Qxc4 26. Qc2 Rb8 27. h6 Rb2 28. Qxc3 Qxc3 29. Rxc3 Bb4 30. Rec1 Bxc3 31. Rxc3 Rxa2 32. Nh5 Bc4 33. Kh2 Nb6 34. Bc1 Bf1 35. Nhf6+ Kd8 36. Bxa3 Rxg2+ 37. Kh1 Nc4 38. Bc5 Nd2 39. Ra3 Kc7 40. Ra2 Bc4 41. Ra7+ 1-0


[Site "https://www.chess.com"]